 Dungeon Crawl Stone Soup version 0.28-a0-1613-gdaab1c2f9b (webtiles) character file.

Game seed: 12014384256838599423

648 murtidash the Magician (level 7, 0/45 HPs)
             Began as a Djinni Ice Elementalist on Jan 21, 2022.
             Slain by a wight (5 damage)
             ... on level 4 of the Dungeon.
             The game lasted 00:10:13 (6134 turns).

murtidash the Magician (Djinni Ice Elementalist)    Turns: 6134, Time: 00:10:14

Health: 0/45       AC: 11    Str:  7    XL:     7   Next: 83%
Gold:   165        EV: 12    Int: 18    God:
                   SH:  0    Dex: 14

rFire   + + .      SeeInvis .   c - staff of cold {rC+}
rCold   . . .      Faith    .   (no shield)
rNeg    . . .      Spirit   .   a - +0 robe
rPois   ∞          Reflect  .   g - +0 helmet
rElec   .          Harm     .   (no cloak)
rCorr   .          Rampage  .   (no gloves)
Will    .....                   (boots unavailable)
Stlth   ++........              (no amulet)
HPRegen 0.15/turn               (no ring)
MPRegen 0.00/turn               (no ring)

@: ice-armoured, freezing walls, flying
A: sickness immunity, fire resistance 2, cold vulnerability 1, float, innate
caster, hp casting, extra vitality 1
a: no special abilities


You were on level 4 of the Dungeon.
You visited 1 branch of the dungeon, and saw 5 of its levels.

You collected 165 gold pieces.

Inventory:

Armour
 a - a +0 robe (worn)
 g - a +0 helmet (worn)
   (You found it on level 2 of the Dungeon)
Magical Staves
 c - a staff of cold (weapon) {rC+}
   (You found it on level 2 of the Dungeon)
Wands
 l - a wand of flame (24)
   (You found it on level 4 of the Dungeon)
 o - a wand of polymorph (6)
   (You found it on level 4 of the Dungeon)
Scrolls
 d - 4 scrolls of identify {unknown}
 e - a scroll of brand weapon {unknown}
 f - a scroll of fear {unknown}
 j - a scroll of teleportation {unknown}
 m - a scroll of vulnerability {unknown}
 n - a scroll of summoning {unknown}
Potions
 b - a potion of attraction {!q}
 h - a potion of lignification {unknown}
 i - a potion of ambrosia
 k - a potion of curing


   Skills:
 - Level 2.1 Dodging
 - Level 1.5 Stealth
 * Level 7.0 Spellcasting


You had 3 spell levels left.
You knew the following spells:

 Your Spells              Type           Power      Damage    Failure   Level
a - Freeze                Ice            100%       1d11      1%          1
b - Frozen Ramparts       Ice            94%        1d11      1%          3
A - Ozocubu's Armour      Ice            47%        N/A       1%          3
M - Inner Flame           Hex/Fire       31%        N/A       1%          3
U - Summon Small Mammal   Summ           100%       N/A       1%          1
X - Hailstorm             Conj/Ice       47%        3d11      6%          4
Z - Ensorcelled Hibernat  Hex/Ice        94%        N/A       1%          2
Your spell library was empty.

Dungeon Overview and Level Annotations

Branches:
Dungeon (5/15)
 Temple: D:4-7

Altars:
Cheibriados
Kikubaaqudgha
Trog

Shops:
D:3 [


Innate Abilities, Weirdness & Mutations

You are immune to sickness and miasma.
You are immune to poison.
Your flesh is very heat resistant. (rF++)
You are vulnerable to cold. (rC-)
You float through the air rather than walking.
You learn spells naturally, not from books.
Your magical power is your life essence.
You have superior vitality. (+4 MHP)


Message History

The wight resists.
The wall freezes the wight.
The wall freezes the scorpion.
The scorpion barely misses you.
You take 3 damage, and have 33/45 hp.
Aim: a scorpion (heavily wounded)
You feel a surge of power!
You freeze the scorpion.
The wight resists.
The wall freezes the wight.
The wall freezes the scorpion.
The scorpion closely misses you.
You take 1 damage, and have 32/45 hp.
Aim: a scorpion (almost dead)
You feel a surge of power!
You freeze the scorpion!
You kill the scorpion!
The wight resists.
The wall freezes the wight.
Your Spellcasting skill increases to level 7!
You take 1 damage, and have 31/45 hp.
You hit the wight but do no damage.
The wight resists.
The wall freezes the wight.
The wight hits you with a +3 falchion!
You take 13 damage, and have 18/45 hp.
MASSIVE DAMAGE!!
Aim: a wight, wielding a +3 falchion and wearing a +0 robe (moderately damaged)
You feel a surge of power!
You freeze the wight but do no damage.
The wight completely resists. x2
The wall freezes the wight but does no damage.
The wight hits you with a +3 falchion!
* * * LOW HITPOINT WARNING * * *
You take 8 damage, and have 10/45 hp.
Your frozen ramparts will break if you move.
Continue?
Okay, then.
Your frozen ramparts will break if you move.
Continue?
Okay, then.
Your frozen ramparts will break if you move.
Continue?
The frozen ramparts melt away as you move.
There is a stone staircase leading down here.
Really fly into that dispersal trap?
You enter a dispersal trap!
The wight blinks! x3; You blink.
There is a stone staircase leading down here.
Okay, then.
Unknown command.
Really fly into that dispersal trap?
You enter a dispersal trap!
The wight blinks!
You blink.
The wight enters a dispersal trap!
You blink.
The wight blinks!
There is a stone staircase leading down here.
There is a stone staircase leading up here.
You fly upwards.
There is a stone staircase leading down here.
You start resting.
Health restored: 45 You fly downwards.
The wight hits you with a +3 falchion! x2
There is a stone staircase leading up here.
You take 24 damage, and have 21/45 hp.
MASSIVE DAMAGE!!
Really fly into that dispersal trap?
You enter a dispersal trap!
The wight blinks! x2; You blink.
You start resting.
A wight is nearby!
You start resting.
A wight is nearby!
You feel a surge of power!
The walls around you are covered in ice.
The wight resists.
The wall freezes the wight.
You take 3 damage, and have 28/45 hp.
You feel a surge of power! A film of ice covers your body!
The wight completely resists.
The wall freezes the wight but does no damage.
You take 3 damage, and have 25/45 hp.
Okay, then.
Unknown command.
You barely miss the wight.
The wight completely resists.
The wall freezes the wight but does no damage.
The wight hits you with a +3 falchion.
You take 1 damage, and have 24/45 hp.
You hit the wight but do no damage.
The wight resists.
The wall freezes the wight.
The wight hits you with a +3 falchion.
You take 2 damage, and have 22/45 hp.
You hit the wight but do no damage.
The wight completely resists.
The wall freezes the wight but does no damage.
The wight closely misses you.
You hit the wight but do no damage.
The wight resists.
The wall freezes the wight.
The wight barely misses you.
The wight resists.
The wall freezes the wight.
The wight hits you with a +3 falchion!
* * * LOW HITPOINT WARNING * * *
You take 9 damage, and have 13/45 hp.
You hit the wight.
The wight resists.
The wall freezes the wight.
The wight hits you with a +3 falchion.
* * * LOW HITPOINT WARNING * * *
You take 2 damage, and have 11/45 hp.
You closely miss the wight.
The wight completely resists.
The wall freezes the wight but does no damage.
The wight hits you with a +3 falchion.
* * * LOW HITPOINT WARNING * * *
You take 2 damage, and have 9/45 hp.
Aim: a wight, wielding a +3 falchion and wearing a +0 robe (heavily damaged, 68% to hit)
The puff of flame hits the wight!
The wight completely resists.
The wall freezes the wight but does no damage.
The wight hits you with a +3 falchion.
* * * LOW HITPOINT WARNING * * *
You take 4 damage, and have 5/45 hp.
Aim: a wight, wielding a +3 falchion and wearing a +0 robe (almost destroyed, 68% to hit)
The puff of flame hits the wight but does no damage.
The wight completely resists.
The wall freezes the wight but does no damage.
The wight hits you with a +3 falchion.
You die...

###..##.# #.#
#......#### ###.())
....)...###.#
#.####.##.###.#..(#
............#
#.####.#.#.##.#####
..#..#..#####
#.##....###......##
..#..#..#
#.##.#.#.#.##.##.##
..#.....#
#.#.....#.###......
.....#..#
#.......### #......
........#
######..##.#
##.#.## ##...####
#...z@...#.# #...##
#...# #..###.#.#.#
###..### #...# #..#
#.#.#.####.......
##...#######..#
#..........#.....
......).......#
###.#......##z.#.
..............#
#........###.#.
.....z........#
###......###.#.
.#...#.######.#
#......<.....
.#...#.# #.#
##########.##


You could see a wight.

Vanquished Creatures
  A water moccasin (D:4)
  An ogre (D:4)
  A scorpion (D:4)
  3 wights (D:4)
  A howler monkey (D:4)
  An orc priest (D:3)
  A jelly (D:4)
  An iron imp (D:3)
  An iguana (D:4)
  3 adders (D:4)
  2 worms
  4 dart slugs
  8 orcs (D:3)
  6 bats
  6 endoplasms
  3 giant cockroaches
  13 goblins
  A hobgoblin (D:2)
  2 jackals (D:1)
  5 quokkas
  6 ball pythons
  4 frilled lizards
  3 kobolds
  10 rats
87 creatures vanquished.

Notes
Turn   | Place    | Note
-------+----------+-------------------------------------------
     0 | D:1      | murtidash the Djinni Ice Elementalist began the quest for
                  | the Orb.
     0 | D:1      | Reached XP level 1. HP: 15/15 MP: 0/0
   203 | D:1      | Reached XP level 2. HP: 18/21 MP: 0/0
   831 | D:1      | Found a faded altar of an unknown god.
  1040 | D:1      | Reached XP level 3. HP: 16/25 MP: 0/0
  1040 | D:1      | Learned a level 1 spell: Summon Small Mammal
  1293 | D:2      | Reached skill level 4 in Spellcasting
  2461 | D:3      | Found Ecsilar's Antique Armour Shop.
  2474 | D:3      | Reached XP level 4. HP: 26/31 MP: 0/0
  3010 | D:3      | Found a snail-covered altar of Cheibriados.
  3016 | D:3      | HP: 6/31 [iron imp (11)]
  3018 | D:3      | HP: 2/31 [iron imp (2)]
  3311 | D:3      | Reached XP level 5. HP: 21/35 MP: 0/0
  3311 | D:3      | Learned a level 2 spell: Ensorcelled Hibernation
  3833 | D:4      | Reached skill level 5 in Spellcasting
  3947 | D:4      | Reached XP level 6. HP: 37/40 MP: 0/0
  4449 | D:4      | Noticed a water moccasin
  4456 | D:4      | Killed a water moccasin
  4457 | D:4      | Reached skill level 6 in Spellcasting
  4457 | D:4      | Reached XP level 7. HP: 41/45 MP: 0/0
  4457 | D:4      | Learned a level 3 spell: Inner Flame
  4588 | D:4      | Noticed a moth of wrath
  4591 | D:4      | Found a bloodstained altar of Trog.
  5027 | D:5      | Entered Level 5 of the Dungeon
  5312 | D:5      | HP: 7/45 [bullfrog skeleton (5)]
  5821 | D:4      | Reached skill level 7 in Spellcasting
  6132 | D:4      | HP: 9/45 [wight (2)]
  6134 | D:4      | Slain by a wight

Illustrated notes

Levels and vault maps discovered:
D:1:      scummos_arrival_gate, layout_loops_corners,
          chequers_ecumenical_altar_simple, minmay_misc_feat_tiny
D:2:      layout_basic, st_stairs_5
D:3:      layout_loops_corners, slow_altar_2, serial_shops,
          nicolae_shop_hallway_plus, chequers_serial_rivers_small_3,
          minmay_diced_spiral
D:4:      layout_loops_cross, tgw_trog, nicolae_kikubaaqudgha_miasma_corner,
          minmay_ogre_servants
D:5:      layout_cave_pools, mainiacjoe_overflow_chevrons,
          mainiacjoe_overflow_alcove_2, serial_gnoll_camp, gnoll_camp_mini_hut,
          gnoll_camp_mini_house, gnoll_camp_medium_01, gnoll_camp_huts_basic,
          uniq_duvessa

Skill      XL: |  1  2  3  4  5  6  7 |
---------------+----------------------+-----
Spellcasting   | 4 5 6 7 |  7.0
Dodging        | |  2.1
Stealth        | |  1.5

Action                   |  1- 3 |  4- 6 |  7- 9 || total
-------------------------+-------+-------+-------++-------
Melee: Unarmed           |     4 |       |       ||     4
       Staff             |     2 |     3 |    25 ||    30
 Cast: Freeze            |    51 |    42 |    24 ||   117
       Frozen Ramparts   |     1 |     8 |    11 ||    20
       Ozocubu's Armour  |       |       |     3 ||     3
Evoke: Wand              |       |     4 |     2 ||     6
  Use: Potion            |       |     2 |     1 ||     3
 Stab: Sleeping          |     1 |       |       ||     1
Armor: Robe              |     9 |     2 |     8 ||    19
Dodge: Dodged            |    26 |    14 |    45 ||    85

Table legend: (Time is in decaauts)
 A = Elapsed time spent in this place.
 B = Non-inter-level travel time spent in this place.
 C = Inter-level travel time spent in this place.
 D = Time resting spent in this place.
 E = Time spent auto-exploring this place.
 F = Levels seen in this place.
 G = Mean time per level.
                   A        B        C        D        E       F      G
               +--------+--------+--------+--------+--------+-----+--------+
         Total |   6143 |   6010 |    133 |    233 |   4950 |   5 | 1228.6 |
       Dungeon |   6143 |   6010 |    133 |    233 |   4950 |   5 | 1228.6 |
               +--------+--------+--------+--------+--------+-----+--------+

Top non-repeatable levels by time:
     D:4: 2251 daAuts
     D:3: 1406 daAuts
     D:1: 1266 daAuts
     D:2: 1184 daAuts
     D:5: 34 daAuts

Table legend:
 A = Kills in this place as a percentage of kills in entire the game.
 B = Kills by you in this place as a percentage of kills by you in the entire game.
 C = Kills by friends in this place as a percentage of kills by friends in the entire game.
 D = Other kills in this place as a percentage of other kills in the entire game.
 E = Experience gained in this place as a percentage of experience gained in the entire game.
 F = Experience gained in this place divided by the number of levels of this place that you have seen.
                   A       B       C       D       E      F
               +-------+-------+-------+-------+-------+----------------------
         Total | 100.0 | 100.0 |   N/A |   N/A | 100.0 | 185.4
       Dungeon | 100.0 | 100.0 |   N/A |   N/A | 100.0 | 185.4
               +-------+-------+-------+-------+-------+----------------------
